 Dungeon Crawl Stone Soup version 0.24-a0-500-g46574c2197 (webtiles) character file.

Game seed: 15149321138929910544

207 KristoblXynda the Slasher (level 5, -1/47 HPs)
             Began as a Draconian Monk on July 15, 2019.
             Was an Initiate of Gozag.
             Hit by a boomerang thrown by an orc (3 damage)
             ... on level 4 of the Dungeon.
             The game lasted 00:04:29 (3638 turns).

KristoblXynda the Slasher (Draconian Monk)          Turns: 3638, Time: 00:04:29

Health: -1/47      AC:  7    Str: 13    XL:     5   Next: 54%
Magic:  5/5        EV: 14    Int: 12    God:    Gozag
Gold:   206        SH:  0    Dex: 19    Spells: 4/4 levels left

rFire    . . .     SeeInvis .   m - +2 dagger (pain)
rCold    . . .     Gourm    .   (no shield)
rNeg     . . .     Faith    .   (armour unavailable)
rPois    .         Spirit   .   (helmet restricted)
rElec    .         Reflect  .   q - +0 cloak
rCorr    .         Harm     .   (no gloves)
MR       .....                  f - +0 pair of boots
Stlth    ++........             (no amulet)
HPRegen  0.15/turn              j - +4 ring of dexterity
MPRegen  0.09/turn              l - +2 ring of dexterity

@: gold aura, lightly drained
A: unfitting armour, cold-blooded, AC +5
a: Potion Petition, Call Merchant, Bribe Branch, Renounce Religion


You were on level 4 of the Dungeon.
You worshipped Gozag.
Gozag was aware of your devotion.
You were near starving.

You visited 1 branch of the dungeon, and saw 4 of its levels.

You collected 206 gold pieces.

Inventory:

Hand Weapons
 a - a +0 falchion
 m - a +2 dagger of pain (weapon)
Armour
 f - a +0 pair of boots (worn)
 q - a +0 cloak (worn)
Jewellery
 j - a +4 ring of dexterity (left hand)
 l - a +2 ring of dexterity (right hand)
Scrolls
 c - a scroll of identify {unknown}
 d - 4 scrolls of teleportation
 h - a scroll of amnesia
 i - 3 scrolls of remove curse
 o - a scroll of immolation
 r - a scroll of random uselessness {unknown}
Potions
 e - 3 potions of heal wounds {unknown}
 g - a potion of haste {unknown}
 k - 5 potions of curing {unknown}
 n - a potion of brilliance {unknown}
 p - a potion of mutation {unknown}
Comestibles
 b - 6 rations


   Skills:
 + Level 4.4(4.3) Fighting
 * Level 5.0(4.8) Long Blades
 + Level 3.6(3.4) Dodging
 - Level 1.7(1.6) Stealth


You had 4 spell levels left.
You didn't know any spells.
Your spell library contained the following spells:

 Spells                   Type           Power        Failure   Level  Hunger
 Beastly Appendage        Tmut           #.....       32%         1    ##.....
 Sticks to Snakes         Tmut           #.......     45%         2    ###....
 Spider Form              Tmut/Pois      #.........   69%         3    ####...
 Ice Form                 Ice/Tmut       #.......     97%         4    #####..
 Blade Hands              Tmut           #.........   100%        5    ######.


Dungeon Overview and Level Annotations

Branches:
Dungeon (4/15)
 Temple: D:4-7

Altars:
Gozag
Nemelex Xobeh
Sif Muna
Xom
Yredelemnul
The Shining One


Innate Abilities, Weirdness & Mutations

Your plain brown scales are hard. (AC +5)
You cannot fit into any form of body armour.
You are cold-blooded and may be slowed by cold attacks.


Message History

The orc throws a boomerang.
The boomerang hits you.
The weapon returns to the orc!
The gnoll hits you with a +0 spear. The gnoll hits you with a +0 club!
* * * LOW HITPOINT WARNING * * *
You hit the gnoll.
You tail-slap the gnoll, but do no damage.
The gnoll is lightly wounded.
The orc throws a boomerang.
The boomerang hits you but does no damage.
The weapon returns to the orc!
The gnoll barely misses you. The gnoll misses you.
The gnoll hits you from afar with a +0 spear.
* * * LOW HITPOINT WARNING * * *
There is a stone staircase leading up, spattered with blood here.
Unknown command.
The gnoll hits you with a +0 club.
* * * LOW HITPOINT WARNING * * *
The orc throws a boomerang.
The boomerang hits you.
You die...
Your body crumbles into a pile of gold.

........##...
..o.........
...........#
...........##
...........[##
..w.........>##
.......g......#
.......$......#
.......g@.....#
..........?...#
.............#.#
#..........###
############


You could see a worm, 2 gnolls and an orc.

Vanquished Creatures
  A bullfrog zombie (D:3)
  Robin (D:2)
  4 gnolls
  5 adders
  3 worms (D:2)
  An orc (D:3)
  4 giant cockroaches
  13 goblins
  9 hobgoblins
  4 jackals (D:2)
  A quokka (D:2)
  A ball python (D:1)
  7 bats
  4 frilled lizards
  9 kobolds
  8 rats
75 creatures vanquished.

Notes
Turn   | Place    | Note
-------+----------+-------------------------------------------
     0 | D:1      | KristoblXynda the Draconian Monk began the quest for the
                  | Orb.
     0 | D:1      | Reached XP level 1. HP: 19/19 MP: 1/1
   337 | D:1      | Reached XP level 2. HP: 1/26 MP: 2/2
   860 | D:1      | Found a glowing golden altar of the Shining One.
  1368 | D:2      | Reached XP level 3. HP: 21/33 MP: 3/3
  1618 | D:2      | Noticed Robin
  1662 | D:2      | Killed Robin
  1662 | D:2      | Reached skill level 4 in Long Blades
  2113 | D:2      | Reached XP level 4. HP: 40/40 MP: 4/4
  2168 | D:2      | Found a deep blue altar of Sif Muna.
  2455 | D:2      | Found a hide-covered altar of Uskayaw.
  2458 | D:2      | Found a deep blue altar of Sif Muna.
  2458 | D:2      | Found a shimmering altar of Xom.
  2571 | D:2      | Found a hide-covered altar of Uskayaw.
  2571 | D:2      | Found a deep blue altar of Sif Muna.
  2571 | D:2      | Found a shimmering altar of Xom.
  2749 | D:3      | Reached XP level 5. HP: 46/46 MP: 5/5
  3063 | D:3      | Found an opulent altar of Gozag.
  3092 | D:3      | Became a worshipper of Gozag Ym Sagoz the Greedy
  3525 | D:3      | Found a basalt altar of Yredelemnul.
  3526 | D:3      | Found a sparkling altar of Nemelex Xobeh.
  3633 | D:4      | Reached skill level 5 in Long Blades
  3638 | D:4      | HP: 2/47 [gnoll/+0 club (5)]
  3638 | D:4      | Hit by a boomerang thrown by an orc

Levels and vault maps discovered:
D:1:      roderic_octagonal_star, layout_basic, tso_altar
D:2:      layout_basic, lemuel_crystal_altar, doesnt_xom_only_xom, uniq_robin
D:3:      layout_loops_ring, gammafunk_temple_overflow_statue, first_ration,
          nicolae_gozag_cash_rules_everything_around_me
D:4:      layout_layer_cave, gammafunk_ghost_icy, uniq_sigmund, uniq_duvessa,
          uniq_ijyb

Skill      XL: |  1  2  3  4  5 |
---------------+----------------+-----
Dodging        | 3 |  3.6
Long Blades    | 4 5 |  5.0
Fighting       | 4 |  4.4
Stealth        | |  1.7

Action                   |  1- 3 |  4- 6 || total
-------------------------+-------+-------++-------
Melee: Falchion          |   109 |       ||   109
       Tailslap          |    16 |    18 ||    34
       Dagger            |    34 |   164 ||   198
  Use: Scroll            |       |     4 ||     4
 Stab: Sleeping          |     1 |     7 ||     8
  Eat: Chunk             |     3 |     4 ||     7
Armor: Skin              |    33 |    39 ||    72
Dodge: Dodged            |   113 |   116 ||   229
       Rpst.: Falchion   |    29 |       ||    29

Table legend:
 A = Non-vault XP
 B = Vault XP
 C = Vault XP percentage of total XP
 D = Non-vault monster count
 E = Vault monster count
 F = Vault count percentage of total count
                 A         B        C        D         E       F
            +---------+---------+-------+---------+---------+-------
      Total |     260 |      36 |  12.2 |      63 |      12 |  16.0
            +---------+---------+-------+---------+---------+-------
        D:1 |      29 |       0 |   0.0 |      20 |       0 |   0.0
        D:2 |      54 |      36 |  40.0 |      19 |      12 |  38.7
        D:3 |     162 |       0 |   0.0 |      23 |       0 |   0.0
        D:4 |      15 |       0 |   0.0 |       1 |       0 |   0.0
            +---------+---------+-------+---------+---------+-------
